Map: Abyssal Reef LE

Players

TWBolek - Winner!

  • Race: Terran Terran
  • League: Diamond
  • Spawn Location: 11:00

Nosu

  • Race: Protoss Protoss
  • League: Diamond
  • Spawn Location: 5:00

VOD

Have the link to the VOD?

Description

Time

  • Played on: Jan. 5, 2018, 6:20 a.m.
  • Length: 12:45
Show
View Real Time Build Order
Export as new Build Order

TWBolek Terran - Winner!

Build Orders: Reaper Expand, Mech 

Get SALT Encoding   

  12  0:01  SCV  
  13  0:13  SCV  
  14  0:18  Supply Depot  
  14  0:25  SCV  
  15  0:29  Refinery  
  15  0:39  SCV  
  16  0:47  Barracks  
  16  0:52  SCV  
  17  1:04  SCV  
  18  1:21  SCV  
  19  1:40  Reaper, Orbital Command  
  19  1:45  Engineering Bay  
  20  1:59  Command Center  
  20  2:07  SCV  
  21  2:13  Factory  
  21  2:21  Barracks Reactor  
  21  2:24  Supply Depot  
  21  2:30  Refinery  
  21  2:31  SCV  
  22  2:43  SCV  
  23  2:55  SCV  
  23  3:07  SCV  
  23  3:10  Cyclone x2  
  30  3:20  Barracks Tech Lab  
  30  3:22  Orbital Command  
  30  3:27  SCV  
  31  3:39  SCV, Command Center  
  32  3:47  SCV  
  33  3:54  SCV  
  34  3:58  Siege Tank  
  37  4:07  Supply Depot  
  37  4:08  SCV x2  
  39  4:12  Barracks Reactor  
  39  4:13  Supply Depot  
  39  4:14  Supply Depot  
  39  4:20  SCV  
  39  4:23  Factory  
  40  4:28  SCV  
  40  4:29  Factory  
  41  4:36  SCV  
  41  4:44  SCV  
  42  4:49  Engineering Bay  
  42  4:50  Refinery  
  42  4:51  Orbital Command  
  42  4:52  Refinery  
  42  4:53  SCV  
  42  4:58  Cyclone  
  46  5:01  SCV  
  46  5:05  SCV  
  48  5:13  SCV  
  49  5:17  SCV  
  50  5:22  Siege Tank, Missile Turret  
  50  5:25  Cyclone  
  50  5:27  Hellion  
  58  5:29  SCV  
  58  5:30  SCV  
  60  5:40  Armory  
  60  5:41  SCV x2  
  62  5:45  Armory  
  62  5:48  SCV  
  63  5:52  Hellion  
  63  5:54  Hellion x2  
  69  5:58  SCV x2  
  71  6:13  Missile Turret x4  
  71  6:16  Infernal Pre-Igniter  
  71  6:19  Hellion  
  73  6:26  Supply Depot  
  73  6:27  Supply Depot  
  73  6:31  Supply Depot  
  73  6:35  Hellion  
  73  6:36  SCV x2  
  73  6:39  Terran Vehicle Weapons Level 1  
  77  6:41  Terran Vehicle And Ship Armor Level 1  
  77  6:46  SCV  
  78  6:48  SCV x2  
  82  6:54  Hellion x2  
  84  7:01  Siege Tank  
  84  7:06  Orbital Command  
  87  7:09  SCV x2, Factory  
  87  7:11  Factory  
  89  7:21  SCV  
  90  7:25  SCV  
  90  7:26  Supply Depot, Missile Turret  
  90  7:27  Supply Depot  
  91  7:33  SCV x2  
  93  7:43  Hellion x2  
  93  7:44  Hellion  
  99  7:55  SCV x2, Supply Depot x2  
  99  7:56  Supply Depot x2  
  101  8:00  SCV  
  102  8:08  SCV x2  
  102  8:12  Refinery  
  104  8:13  Siege Tank  
  104  8:14  Factory Tech Lab x2  
  104  8:16  Cyclone x3  
  116  8:21  Refinery  
  116  8:25  Sensor Tower  
  116  8:29  SCV x3  
  119  8:34  Terran Vehicle Weapons Level 2  
  119  8:44  Sensor Tower  
  119  8:45  Siege Tank  
  122  8:50  Sensor Tower  
  122  8:51  Cyclone  
  122  8:52  Cyclone x3  
  134  8:59  SCV x3  
  134  9:00  Terran Vehicle And Ship Armor Level 2  
  137  9:05  Command Center  
  137  9:09  Siege Tank  
  140  9:16  Rapid Fire Launchers  
  140  9:20  Smart Servos  
  140  9:31  Hellion x4  
  129  10:05  Siege Tank x2, Hellion x5  
  96  10:26  Siege Tank  
  99  10:34  SCV x3  
  95  10:42  Starport  
  95  10:44  Starport  
  95  10:46  SCV x2  
  95  10:47  Command Center  
  95  10:49  Cyclone x4  
  110  10:50  Siege Tank x2  
  114  10:57  SCV  
  114  10:58  SCV x2  
  116  11:09  SCV  
  117  11:13  Planetary Fortress  
  117  11:21  Siege Tank  
  117  11:22  Siege Tank, Hellion  
  117  11:23  Hellion x4  
  133  11:34  Refinery  
  133  11:36  Starport Reactor  
  133  11:38  Refinery x2, Missile Turret  
  133  11:39  Refinery  
  133  11:44  Siege Tank  
  133  11:45  Starport Reactor  
  136  11:53  Siege Tank  
  131  12:09  Siege Tank  
  129  12:18  SCV  
  129  12:19  SCV x3  
Show
View Real Time Build Order
Export as new Build Order

Nosu Protoss 

Build Orders:  

Get SALT Encoding   

  12  0:01  Probe (Chrono Boost)  
  13  0:10  Probe (Chrono Boost)  
  14  0:17  Pylon  
  14  0:22  Probe  
  15  0:35  Probe  
  16  0:40  Gateway  
  16  0:47  Probe  
  16  0:48  Assimilator  
  17  0:59  Probe (Chrono Boost)  
  19  1:11  Probe (Chrono Boost)  
  19  1:13  Pylon  
  19  1:17  Probe (Chrono Boost)  
  19  1:26  Probe  
  19  1:29  Cybernetics Core  
  20  1:38  Probe  
  21  1:46  Zealot  
  23  1:51  Probe  
  24  1:55  Gateway  
  24  1:57  Gateway  
  24  2:03  Warp Gate (Chrono Boost)  
  24  2:05  Probe  
  25  2:29  Nexus  
  25  2:40  Stalker  
  25  2:42  Probe  
  28  2:47  Stalker  
  30  2:56  Pylon  
  30  3:10  Assimilator  
  30  3:12  Sentry  
  31  3:28  Probe  
  31  3:33  Robotics Facility  
  33  3:42  Probe (Chrono Boost)  
  33  3:44  Pylon, Probe (Chrono Boost)  
  34  3:55  Probe (Chrono Boost)  
  36  3:56  Stalker  
  36  3:57  Stalker, Probe (Chrono Boost)  
  36  4:00  Probe (Chrono Boost)  
  41  4:04  Probe  
  41  4:08  Shield Battery  
  42  4:10  Probe (Chrono Boost)  
  42  4:15  Stalker  
  46  4:20  Probe (Chrono Boost)  
  46  4:22  Observer, Probe (Chrono Boost)  
  48  4:29  Probe (Chrono Boost)  
  48  4:31  Probe (Chrono Boost)  
  49  4:40  Stalker, Probe  
  49  4:41  Stalker  
  49  4:43  Probe  
  55  4:50  Immortal (Chrono Boost)  
  55  4:52  Probe  
  60  4:57  Zealot  
  62  5:00  Pylon  
  62  5:15  Pylon  
  62  5:16  Pylon  
  62  5:19  Probe (Chrono Boost)  
  64  5:22  Observer, Assimilator  
  64  5:23  Probe (Chrono Boost)  
  64  5:25  Assimilator  
  66  5:29  Probe (Chrono Boost)  
  66  5:33  Probe (Chrono Boost)  
  66  5:34  Probe (Chrono Boost)  
  68  5:43  Probe  
  68  5:44  Stalker x2  
  68  5:45  Stalker  
  68  5:47  Pylon  
  75  5:55  Nexus  
  75  6:07  Shield Battery  
  75  6:09  Probe  
  75  6:10  Probe  
  77  6:15  Stalker x3  
  83  6:22  Probe x2 (Chrono Boost)  
  85  6:32  Probe (Chrono Boost)  
  87  6:33  Probe (Chrono Boost)  
  87  6:37  Probe (Chrono Boost)  
  87  6:38  Immortal  
  92  6:40  Probe  
  93  6:48  Probe  
  93  6:49  Pylon  
  94  6:56  Pylon  
  94  6:57  Twilight Council  
  94  6:59  Forge  
  93  7:09  Probe (Chrono Boost)  
  93  7:14  Probe x2 (Chrono Boost)  
  96  7:18  Pylon, Probe (Chrono Boost)  
  96  7:22  Probe (Chrono Boost), Immortal (Chrono Boost)  
  98  7:27  Probe (Chrono Boost)  
  98  7:28  Pylon  
  98  7:29  Stalker, Probe (Chrono Boost)  
  106  7:30  Pylon  
  106  7:35  Stalker  
  107  7:39  Stalker, Probe (Chrono Boost)  
  107  7:40  Protoss Ground Weapons Level 1 (Chrono Boost)  
  107  7:43  Probe (Chrono Boost)  
  111  7:51  Immortal (Chrono Boost), Blink (Chrono Boost)  
  111  7:52  Probe  
  111  7:57  Assimilator  
  116  7:59  Assimilator  
  116  8:05  Stalker x3  
  124  8:13  Probe (Chrono Boost)  
  124  8:14  Probe (Chrono Boost)  
  124  8:17  Probe (Chrono Boost)  
  125  8:20  Dark Shrine  
  125  8:21  Probe (Chrono Boost)  
  125  8:25  Robotics Facility  
  126  8:27  Immortal  
  126  8:30  Photon Cannon  
  130  8:35  Photon Cannon  
  130  8:38  Probe x2  
  132  8:49  Stalker x2  
  132  8:50  Stalker  
  132  8:52  Probe x2  
  140  9:08  Nexus, Immortal (Chrono Boost)  
  144  9:13  Probe  
  145  9:19  Pylon  
  145  9:20  Immortal (Chrono Boost)  
  149  9:25  Pylon  
  149  9:27  Protoss Ground Armor Level 1  
  149  9:30  Gateway  
  149  9:33  Gateway  
  149  9:34  Gateway  
  149  9:37  Probe x2  
  151  9:38  Stalker  
  151  9:39  Stalker  
  154  9:46  Charge (Chrono Boost)  
  129  10:04  Stalker x3  
  105  10:13  Immortal x2 (Chrono Boost)  
  81  10:29  Stalker  
  81  10:30  Stalker x2  
  77  10:37  Probe x4 (Chrono Boost)  
  81  10:49  Probe (Chrono Boost)  
  85  10:53  Stalker x3  
  85  10:54  Stalker x3  
  85  10:55  Probe x3 (Chrono Boost)  
  97  11:00  Immortal (Chrono Boost)  
  97  11:02  Probe (Chrono Boost)  
  106  11:08  Probe (Chrono Boost)  
  106  11:09  Probe (Chrono Boost), Immortal (Chrono Boost)  
  108  11:16  Photon Cannon  
  110  11:18  Stalker  
  110  11:19  Stalker x3  
  110  11:22  Probe (Chrono Boost)  
  110  11:23  Probe (Chrono Boost)  
  119  11:26  Probe (Chrono Boost)  
  119  11:29  Shield Battery  
  119  11:32  Photon Cannon  
  119  11:33  Assimilator  
  119  11:34  Assimilator  
  119  11:36  Dark Templar x2  
  123  11:49  Stalker x3  
  115  12:04  Dark Templar  
  104  12:17  Dark Templar  
  104  12:18  Dark Templar x4  
  79  12:40  Zealot  
Tags
 
Composition
Mech
Matchup
PvT
Spawn Locations
Cross Positions
Add a new tag
Caveats
  • Supply blocks, unpowered buildings, or Contaminate may cause inaccurate times.
  • Supply counts are checked every 10 seconds.